 Dungeon Crawl Stone Soup version 0.26-a0-501-g5717042 (webtiles) character file.

Game seed: 9121437445676216519

136 MrTaco21 the Cudgeler (level 5, -2/32 HPs)
             Began as a Gargoyle Fighter on Aug 7, 2020.
             Killed from afar by an orc wizard (6 damage)
             ... with a puff of frost
             ... on level 3 of the Dungeon.
             The game lasted 00:02:56 (2156 turns).

MrTaco21 the Cudgeler (Gargoyle Fighter)            Turns: 2156, Time: 00:02:57

Health: -2/32      AC: 10    Str: 20    XL:     5   Next: 19%
Magic:  5/5        EV:  7    Int:  9    God:
Gold:   92         SH:  9    Dex:  9    Spells: 4/4 levels left

rFire    . . .     SeeInvis .   a - +0 flail
rCold    . . .     Faith    .   c - +0 kite shield
rNeg     + . .     Spirit   .   b - +0 scale mail
rPois    ∞         Reflect  .   (no helmet)
rElec    +         Harm     .   (no cloak)
rCorr    .                      (no gloves)
MR       .....                  (no boots)
Stlth    ..........             n - amulet of inaccuracy (curse)
HPRegen  0.10/turn              (no ring)
MPRegen  0.09/turn              (no ring)

@: no status effects
A: negative energy resistance 1, electricity resistance, unbreathing,
petrification resistance, rot immunity, AC +4
a: no special abilities


You were on level 3 of the Dungeon.
You visited 1 branch of the dungeon, and saw 3 of its levels.

You collected 92 gold pieces.

Inventory:

Hand Weapons
 a - a +0 flail (weapon)
Armour
 b - a +0 scale mail (worn)
 c - a +0 kite shield (worn)
 k - a +0 plate armour
   (You found it on level 2 of the Dungeon)
Jewellery
 n - a cursed amulet of inaccuracy (around neck)
   (You found it on level 3 of the Dungeon)
Scrolls
 e - a scroll of remove curse {unknown}
 f - 4 scrolls of teleportation {unknown}
 g - a scroll of enchant weapon {unknown}
 j - a scroll of magic mapping {unknown}
 l - a scroll of enchant armour {unknown}
Potions
 d - 2 potions of might
 h - a potion of curing {unknown}
 i - a potion of stabbing {unknown}
 m - a potion of resistance {unknown}


   Skills:
 - Level 3.2 Fighting
 + Level 5.2 Maces & Flails
 - Level 3.2 Armour
 - Level 3.2 Shields


You had 4 spell levels left.
You didn't know any spells.
Your spell library was empty.

Dungeon Overview and Level Annotations

Branches:
Dungeon (3/15)

Altars:
Dithmenos


Innate Abilities, Weirdness & Mutations

You are resistant to torment.
Your stone body is resilient. (AC +4)
You are immune to poison.
You resist negative energy. (rN+)
You are resistant to electric shocks. (rElec)
You can survive without breathing.
You are immune to petrification.
You are immune to rotting.


Message History

No target in view!
No target in view!
No target in view!
No target in view!
An orc wizard comes into view. It is wielding a +0 dagger.
The orc wizard shouts!
You hear a shout!
An orc wizard comes into view. It is wielding a +0 dagger.
There are monsters nearby!
An orc priest comes into view.
It is wielding a +1 short sword of freezing.
The orc wizard gestures wildly while chanting.
The orc wizard seems to speed up.
The orc wizard casts a spell.
The orc wizard seems to speed up.
You barely miss the orc wizard. The orc wizard barely misses you.
An orc comes into view.
The orc wizard hits you but does no damage. x2
You miss the orc priest.
The orc wizard hits you with a +0 dagger. x2
The orc priest hits you with a +1 short sword of freezing.
The orc priest freezes you. The orc wizard barely misses you.
An orc comes into view. It is wielding a +0 dagger.
The orc wizard hits you but does no damage.
You closely miss the orc priest.
The orc shouts!
The orc wizard closely misses you. The orc wizard barely misses you.
The orc priest invokes the aid of Beogh against you.
Beogh smites you!
* * * LOW HITPOINT WARNING * * *
The orc wizard points at you and mumbles some strange words.
The magic dart hits you.
* * * LOW HITPOINT WARNING * * *
The orc wizard hits you but does no damage.
You barely miss the orc.
The orc wizard hits you but does no damage.
You block the orc wizard's attack.
The orc wizard points at you and mumbles some strange words.
The magic dart hits you but does no damage.
A goblin comes into view.
You sock the orc!
You kill the orc!
The orc wizard hits you with a +0 dagger.
* * * LOW HITPOINT WARNING * * *
The orc wizard hits you with a +0 dagger.
* * * LOW HITPOINT WARNING * * *
The orc wizard gestures at you while chanting.
The puff of frost hits you.
* * * LOW HITPOINT WARNING * * *
The orc wizard gestures at you while chanting.
The puff of frost hits you.
You die...

# .. #g
.. #.##
#o.#
#..#
#oo#
#o@#
#..#
###..#
#....#
#.#.##
#.#.# #
#.# #.#
#.######


You could see an orc priest, 2 orc wizards, an orc and a goblin.

Vanquished Creatures
  3 adders
  2 oozes
  2 worms (D:2)
  A dart slug (D:1)
  7 leopard geckos
  5 orcs (D:3)
  A giant cockroach (D:2)
  6 goblins
  10 hobgoblins
  12 jackals
  A quokka (D:2)
  5 bats
  5 frilled lizards
  A giant cockroach zombie (D:2)
  7 kobolds
  7 rats
75 creatures vanquished.

Notes
Turn   | Place    | Note
-------+----------+-------------------------------------------
     0 | D:1      | MrTaco21 the Gargoyle Fighter began the quest for the Orb.
     0 | D:1      | Reached XP level 1. HP: 14/14 MP: 1/1
    88 | D:1      | Reached XP level 2. HP: 18/19 MP: 2/2
   150 | D:1      | You fall into a shaft and drop 1 floor!
   168 | D:2      | Reached skill level 3 in Maces & Flails
   489 | D:2      | Reached XP level 3. HP: 23/23 MP: 3/3
   734 | D:2      | Reached skill level 4 in Maces & Flails
   906 | D:2      | Reached XP level 4. HP: 21/28 MP: 4/4
  1855 | D:3      | Found a shadowy altar of Dithmenos.
  1859 | D:3      | Reached skill level 5 in Maces & Flails
  1878 | D:3      | Reached XP level 5. HP: 23/32 MP: 5/5
  2156 | D:3      | Killed from afar by an orc wizard

Illustrated notes

Levels and vault maps discovered:
D:1:      dpeg_arrival_rooms_a, layout_loops_ring
D:2:      layout_basic
D:3:      layout_loops_ring, minmay_misc_feat_more_columns,
          nicolae_dithmenos_through_a_glass_darkly

Skill      XL: |  1  2  3  4 |
---------------+-------------+-----
Maces & Flails | 3 4 5 |  5.2
Fighting       | |  3.2
Armour         | |  3.2
Shields        | |  3.2

Action                   |  1- 3 |  4- 6 || total
-------------------------+-------+-------++-------
Melee: Flail             |   141 |   177 ||   318
Armor: Scale mail        |   114 |    95 ||   209
Dodge: Dodged            |    85 |    50 ||   135
Block: Kite shield       |   113 |    78 ||   191

Table legend: (Time is in decaauts)
 A = Elapsed time spent in this place.
 B = Non-inter-level travel time spent in this place.
 C = Inter-level travel time spent in this place.
 D = Time resting spent in this place.
 E = Time spent auto-exploring this place.
 F = Levels seen in this place.
 G = Mean time per level.
                   A        B        C        D        E       F      G
               +--------+--------+--------+--------+--------+-----+--------+
         Total |   2245 |   2206 |     39 |    238 |   1356 |   3 |  748.3 |
       Dungeon |   2245 |   2206 |     39 |    238 |   1356 |   3 |  748.3 |
               +--------+--------+--------+--------+--------+-----+--------+

Top non-repeatable levels by time:
     D:2: 1038 daAuts
     D:1: 665 daAuts
     D:3: 541 daAuts
